 Dungeon Crawl Stone Soup version 0.24-a0-584-g9d6b971ae4 (webtiles) character file.

Game seed: 15365297408249047692, levelgen mode: deterministic

119 Mithandil the Shield-Bearer (level 4, 0/40 HPs)
             Began as a Minotaur Fighter on Sept 2, 2019.
             Slain by a gnoll
             ... wielding a +0 whip
              (5 damage)
             ... on level 3 of the Dungeon.
             The game lasted 00:09:05 (1972 turns).

Mithandil the Shield-Bearer (Minotaur Fighter)      Turns: 1972, Time: 00:09:06

Health: 0/40       AC: 12    Str: 21 (22) XL:     4   Next: 74%
Magic:  3/3        EV:  4    Int:  5      God:
Gold:   77         SH: 13    Dex:  6 (7)  Spells: 3/3 levels left

rFire    . . .     SeeInvis .   a - +0 long sword
rCold    . . .     Gourm    .   c - +0 shield
rNeg     . . .     Faith    .   m - +0 plate armour
rPois    .         Spirit   .   (helmet restricted)
rElec    .         Reflect  .   (no cloak)
rCorr    .         Harm     .   (no gloves)
MR       +....                  (no boots)
Stlth    ..........             (no amulet)
HPRegen  0.13/turn              (no ring)
MPRegen  0.08/turn              (no ring)

@: no status effects
A: retaliatory headbutt, horns 2, large bone plates 1, clumsy 1, magic
resistance 1, shaggy fur 1
a: no special abilities


You were on level 3 of the Dungeon.
You were hungry.

You visited 1 branch of the dungeon, and saw 3 of its levels.

You collected 77 gold pieces.

Inventory:

Hand Weapons
 a - a +0 long sword (weapon)
 k - a +0 hunting sling
 l - a +3 dagger
Missiles
 e - 95 bolts
 j - 3 poisoned darts (quivered)
 p - 12 sling bullets
Armour
 c - a +0 shield (worn)
 m - a +0 plate armour (worn)
Jewellery
 g - a +3 ring of dexterity {unknown}
Scrolls
 b - a scroll of enchant weapon {unknown}
 i - 4 scrolls of remove curse
 o - a scroll of identify {unknown}
Potions
 d - a potion of might
 h - a potion of mutation
Comestibles
 f - 6 rations
 n - a chunk of flesh


   Skills:
 + Level 4.0 Fighting
 + Level 3.2 Long Blades
 + Level 1.3 Throwing
 + Level 4.1 Armour
 + Level 1.4 Dodging
 * Level 4.8 Shields


You had 3 spell levels left.
You didn't know any spells.
Your spell library was empty.

Dungeon Overview and Level Annotations

Branches:
Dungeon (3/15)

Altars:


Innate Abilities, Weirdness & Mutations

You reflexively headbutt those who attack you in melee.
You have a pair of horns on your head.
You are partially covered in large bone plates. (SH +4)
You are clumsy. (Dex -2)
You are resistant to hostile enchantments. (MR+)
You are covered in fur. (AC +1)


Message History

You hit the gnoll but do no damage. You block the gnoll's attack.
The gnoll hits you with a +0 whip.
* * * LOW HITPOINT WARNING * * *
You closely miss the gnoll. Your headbutt misses the gnoll.
The gnoll hits you with a +0 whip.
* * * LOW HITPOINT WARNING * * *
You closely miss the gnoll. Your headbutt misses the gnoll.
You block the gnoll's attack.
You slash the gnoll!
The gnoll is heavily wounded.
You block the gnoll's attack. The gnoll hits you but does no damage.
You hit the gnoll.
The gnoll is severely wounded.
The gnoll hits you with a +0 whip.
* * * LOW HITPOINT WARNING * * *
Your plate armour prevents you from hitting the gnoll.
You headbutt the gnoll, but do no damage.
The gnoll is severely wounded.
The gnoll hits you with a +0 whip.
You die...

.................#
........)........#
.................#
#########........#
#........#
######'### #...#
###g# #@# ###
#.#### #.. #....#
#.# ###.## #####.#
#...# #.....#
###.#######.#####
#...........#
#############


You could see a gnoll.

Vanquished Creatures
  3 gnolls (D:3)
  3 adders (D:3)
  A worm (D:3)
  2 dart slugs (D:1)
  2 leopard geckos
  4 orcs (D:3)
  A ball python (D:1)
  4 bats
  4 giant cockroaches
  7 goblins
  4 hobgoblins
  3 jackals (D:1)
  2 frilled lizards
  5 kobolds
  3 rats
48 creatures vanquished.

Notes
Turn   | Place    | Note
-------+----------+-------------------------------------------
     0 | D:1      | Mithandil the Minotaur Fighter began the quest for the Orb.
     0 | D:1      | Reached XP level 1. HP: 19/19 MP: 0/0
   104 | D:1      | Reached XP level 2. HP: 22/27 MP: 1/1
   242 | D:1      | Gained mutation: You are covered in fur. (AC +1) [potion of
                  | mutation]
   242 | D:1      | Gained mutation: You are partially covered in large bone
                  | plates. (SH +4) [potion of mutation]
   242 | D:1      | Gained mutation: You are clumsy. (Dex -2) [potion of
                  | mutation]
   242 | D:1      | Gained mutation: You are resistant to hostile enchantments.
                  | (MR+) [potion of mutation]
   507 | D:1      | Reached XP level 3. HP: 33/33 MP: 2/2
  1070 | D:3      | Reached skill level 1 in Dodging
  1329 | D:2      | Reached skill level 1 in Throwing
  1873 | D:3      | Reached XP level 4. HP: 25/40 MP: 3/3
  1972 | D:3      | Slain by a gnoll

Levels and vault maps discovered:
D:1:      ncdulo_watergridlock, layout_loops_ring, minmay_cupped
D:2:      layout_loops_corners
D:3:      layout_basic, hangedman_decor_peaks_small

Skill      XL: |  1  2  3  4 |
---------------+-------------+-----
Shields        | 4 |  4.8
Dodging        | 1 |  1.4
Armour         | 4 |  4.1
Throwing       | 1 |  1.3
Long Blades    | 3 |  3.2
Fighting       | 4 |  4.0

Action                   |  1- 3 |  4- 6 || total
-------------------------+-------+-------++-------
Melee: Long sword        |   116 |    57 ||   173
       Headbutt          |    13 |     2 ||    15
  Use: Potion            |     4 |       ||     4
       Scroll            |     2 |       ||     2
  Eat: Chunk             |     3 |       ||     3
Armor: Scale mail        |    49 |       ||    49
       Plate armour      |     3 |    36 ||    39
Dodge: Dodged            |    38 |     6 ||    44
Block: Shield            |    92 |    51 ||   143
       Rpst.: Long sword |    12 |     1 ||    13

Table legend:
 A = Non-vault XP
 B = Vault XP
 C = Vault XP percentage of total XP
 D = Non-vault monster count
 E = Vault monster count
 F = Vault count percentage of total count
                 A         B        C        D         E       F
            +---------+---------+-------+---------+---------+-------
      Total |     167 |       4 |   2.3 |      46 |       2 |   4.2
            +---------+---------+-------+---------+---------+-------
        D:1 |      38 |       4 |   9.5 |      18 |       2 |  10.0
        D:2 |      18 |       0 |   0.0 |      11 |       0 |   0.0
        D:3 |     111 |       0 |   0.0 |      17 |       0 |   0.0
            +---------+---------+-------+---------+---------+-------
